Map: Emerald City LE

Players

VlaDy

  • Race: Zerg Zerg

Chesterito

  • Race: Protoss Protoss

Massa - Winner!

  • Race: Terran Terran
  • League: Platinum

qqq - Winner!

  • Race: Zerg Zerg

VOD

Have the link to the VOD?

Description

Time

  • Played on: April 13, 2021, 12:13 p.m.
  • Length: 18:17
Show
View Real Time Build Order
Export as new Build Order

VlaDy Zerg 

Build Orders: Hatch First 

Get SALT Encoding   

  12  0:01  Drone  
  13  0:08  Drone  
  13  0:14  Extractor  
  13  0:16  Drone  
  15  0:40  Hatchery  
  14  0:50  Extractor  
  14  0:51  Drone  
  15  1:01  Spawning Pool  
  14  1:16  Extractor  
  13  1:24  Drone  
  14  1:42  Overlord  
  14  1:52  Overlord  
  14  1:58  Drone x2  
  14  1:59  Drone  
  14  2:01  Queen  
  19  2:08  Zergling x2  
  19  2:12  Spine Crawler  
  19  2:13  Spine Crawler  
  19  2:15  Zergling x2  
  19  2:19  Zergling x2  
  20  2:51  Zergling x8  
  21  2:52  Zergling x4  
  21  2:55  Metabolic Boost  
  26  3:04  Zergling x4  
  28  3:25  Zergling x2  
  28  3:26  Zergling x6  
  32  3:32  Drone x3  
  35  3:45  Zergling x2  
  35  4:12  Overlord x2  
  35  4:17  Lair  
  35  4:24  Roach Warren  
  34  4:28  Evolution Chamber  
  34  4:30  Drone x2  
  35  4:38  Drone x5  
  38  5:00  Zergling x12  
  43  5:24  Zergling x2  
  43  5:25  Zergling x8  
  48  6:02  Zergling x2  
  48  6:03  Zergling x8  
  42  6:10  Zergling x2  
  36  6:17  Spine Crawler  
  35  6:19  Zerg Ground Armor Level 1  
  35  6:23  Drone  
  35  6:25  Drone x3  
  39  6:28  Queen  
  41  6:37  Roach  
  43  6:43  Glial Reconstitution  
  43  6:44  Extractor  
  42  6:48  Hydralisk Den  
  42  6:52  Spore Crawler  
  40  7:00  Zergling x4, Roach  
  42  7:25  Zergling x2  
  42  7:26  Overlord x3  
  39  7:42  Zergling x6, Roach x3  
  39  7:43  Zergling x2, Roach  
  44  7:48  Roach x2  
  44  7:59  Zergling x4  
  44  8:04  Zergling x2  
  44  8:21  Zergling x6, Roach x3  
  53  8:29  Zergling x4, Roach  
  53  8:30  Roach  
  55  8:39  Spine Crawler  
  55  8:40  Spore Crawler  
  53  8:46  Spore Crawler  
  53  8:47  Zergling x2, Roach x2  
  57  8:54  Zerg Missile Weapons Level 1  
  57  8:56  Zergling x2, Roach  
  57  9:00  Overlord  
  60  9:10  Spore Crawler  
  60  9:14  Overlord  
  59  9:25  Overlord  
  51  9:51  Zergling x4, Roach  
  51  9:52  Zergling x4, Roach x3  
  63  10:04  Drone x2  
  63  10:05  Spore Crawler  
  63  10:07  Drone x3  
  67  10:20  Hydralisk x2  
  73  10:21  Roach  
  73  10:26  Drone x3  
  75  10:44  Overlord  
  75  10:45  Overlord  
  75  10:46  Hatchery  
  74  10:59  Hydralisk  
  74  11:02  Overlord x2  
  76  11:05  Drone x4  
  76  11:10  Extractor, Drone x3  
  82  11:11  Extractor  
  81  11:30  Hatchery  
  80  11:35  Drone x3  
  80  11:36  Drone  
  85  11:40  Drone x2  
  86  11:53  Drone x3  
  86  11:54  Drone x3  
  92  12:07  Drone  
  93  12:11  Spine Crawler  
  93  12:12  Spine Crawler  
  91  12:23  Spine Crawler  
  91  12:25  Spine Crawler  
  89  12:32  Hydralisk x2  
  89  12:33  Hydralisk, Roach x3  
  82  12:52  Hydralisk x2  
  82  12:53  Hydralisk, Roach x4  
  74  13:00  Spine Crawler  
  74  13:04  Spore Crawler  
  66  13:06  Hydralisk  
  66  13:07  Roach x2  
  72  13:13  Zergling x6  
  75  13:25  Drone x3  
  78  13:38  Spore Crawler  
  62  13:52  Zergling x6, Roach x3  
  62  13:53  Zergling x6, Roach x4  
  64  14:14  Hatchery  
  61  14:17  Hydralisk  
  61  14:18  Hydralisk x2  
  67  14:31  Spore Crawler  
  66  14:49  Hatchery  
  65  14:54  Hydralisk x2  
  65  14:55  Roach  
  71  15:05  Hydralisk x2  
  75  15:10  Drone  
  74  15:42  Hydralisk x3  
  70  15:43  Hydralisk x3, Zergling x2  
  70  15:44  Zergling x2  
  84  15:56  Hydralisk x2, Roach  
  81  16:26  Hydralisk  
  81  16:27  Hydralisk x3, Roach  
  81  16:28  Roach  
  92  17:00  Roach x2  
  92  17:01  Roach x2  
  99  17:15  Hydralisk Den  
  98  17:18  Spine Crawler  
Show
View Real Time Build Order
Export as new Build Order

Chesterito Protoss 

Build Orders: Carriers, Proxy Void Ray 

Get SALT Encoding   

  12  0:00  Probe (Chrono Boost)  
  13  0:10  Probe (Chrono Boost)  
  14  0:17  Pylon  
  14  0:22  Probe  
  16  0:35  Probe  
  16  0:37  Gateway  
  16  0:46  Assimilator  
  16  0:52  Assimilator  
  16  1:00  Probe (Chrono Boost)  
  18  1:11  Probe (Chrono Boost)  
  18  1:16  Probe (Chrono Boost)  
  19  1:25  Cybernetics Core  
  19  1:26  Forge  
  19  1:29  Probe  
  20  1:41  Probe  
  21  2:03  Stargate  
  21  2:05  Photon Cannon  
  21  2:07  Shield Battery  
  21  2:11  Probe  
  22  2:43  Nexus  
  22  2:45  Pylon  
  22  2:56  Probe  
  22  2:57  Void Ray  
  27  3:08  Photon Cannon  
  27  3:14  Protoss Air Weapons Level 1  
  27  3:21  Probe  
  28  3:27  Stargate  
  28  3:35  Probe  
  28  3:38  Shield Battery  
  29  3:42  Photon Cannon  
  29  3:58  Probe x2  
  29  3:59  Void Ray  
  35  4:10  Probe x2  
  35  4:15  Void Ray  
  41  4:25  Probe  
  41  4:26  Probe  
  43  4:38  Probe  
  44  4:43  Pylon  
  44  4:45  Assimilator  
  44  4:55  Void Ray  
  44  5:06  Probe x2  
  50  5:12  Assimilator  
  50  5:18  Probe x2  
  52  5:31  Pylon  
  52  5:43  Void Ray  
  48  5:55  Nexus  
  48  5:57  Pylon  
  48  5:59  Pylon  
  48  6:01  Fleet Beacon  
  48  6:14  Stargate  
  48  6:18  Photon Cannon  
  48  6:20  Photon Cannon  
  48  6:23  Probe x2, Photon Cannon  
  48  6:24  Shield Battery  
  42  6:35  Probe  
  43  6:40  Shield Battery  
  43  6:43  Probe  
  44  6:47  Probe  
  45  6:55  Probe  
  45  6:59  Probe  
  45  7:01  Assimilator  
  47  7:03  Carrier, Assimilator  
  53  7:09  Void Ray  
  53  7:13  Photon Cannon  
  56  7:27  Photon Cannon  
  56  7:29  Probe, Shield Battery  
  57  7:41  Probe  
  58  7:48  Photon Cannon  
  58  7:50  Photon Cannon  
  58  7:53  Pylon  
  58  7:54  Shield Battery  
  58  7:55  Probe  
  58  7:56  Probe  
  58  7:57  Photon Cannon  
  60  8:07  Carrier  
  60  8:09  Probe  
  67  8:21  Probe  
  67  8:22  Phoenix x2  
  68  8:38  Probe (Chrono Boost)  
  68  8:40  Stargate  
  69  8:43  Pylon  
  69  8:45  Pylon  
  70  8:48  Probe (Chrono Boost)  
  70  8:53  Probe (Chrono Boost)  
  70  8:54  Carrier  
  77  9:05  Probe  
  78  9:11  Photon Cannon  
  78  9:16  Photon Cannon  
  78  9:17  Probe, Photon Cannon, Carrier  
  85  9:25  Pylon  
  85  9:29  Probe, Shield Battery  
  86  9:51  Void Ray x2  
  92  10:00  Probe  
  93  10:12  Probe  
  93  10:13  Stargate  
  94  10:23  Pylon, Void Ray  
  94  10:25  Pylon  
  94  10:28  Carrier  
  100  10:29  Pylon  
  100  10:31  Nexus  
  104  10:37  Void Ray  
  104  10:47  Photon Cannon  
  104  10:48  Photon Cannon  
  108  10:50  Photon Cannon  
  108  10:52  Photon Cannon  
  108  10:54  Void Ray  
  108  10:55  Photon Cannon  
  112  11:09  Assimilator  
  112  11:13  Assimilator  
  112  11:14  Void Ray  
  112  11:16  Probe (Chrono Boost), Pylon  
  112  11:17  Void Ray  
  122  11:26  Probe (Chrono Boost)  
  122  11:31  Probe (Chrono Boost)  
  122  11:37  Void Ray, Cybernetics Core  
  123  11:44  Void Ray  
  127  11:48  Pylon, Protoss Air Weapons Level 2  
  127  11:53  Probe x3  
  134  11:59  Void Ray  
  134  12:00  Void Ray  
  134  12:05  Probe x3  
  145  12:17  Probe (Chrono Boost)  
  145  12:19  Void Ray  
  145  12:20  Void Ray  
  146  12:26  Probe (Chrono Boost)  
  141  12:52  Void Ray  
  141  12:54  Void Ray  
  109  13:10  Void Ray x3  
  87  13:36  Carrier  
  85  14:11  Carrier  
  91  14:32  Pylon  
  91  14:33  Pylon  
  91  14:36  Pylon  
  91  14:44  Void Ray x2  
  91  14:45  Void Ray x2  
  107  14:57  Nexus  
  109  16:15  Void Ray  
  92  16:25  Pylon  
  92  16:30  Pylon  
  90  16:51  Probe (Chrono Boost)  
  91  17:00  Probe (Chrono Boost)  
  92  17:05  Probe (Chrono Boost)  
  93  17:17  Probe  
  94  17:24  Void Ray  
  88  17:46  Pylon  
  60  17:52  Pylon  
Show
View Real Time Build Order
Export as new Build Order

Massa Terran - Winner!

Build Orders: 2 Factory 

Get SALT Encoding   

  12  0:00  SCV  
  13  0:12  SCV  
  14  0:19  Supply Depot  
  14  0:24  SCV  
  15  0:41  SCV  
  15  0:42  Barracks  
  16  0:49  Refinery  
  16  0:53  SCV  
  17  1:05  SCV  
  18  1:17  SCV  
  19  1:29  Barracks Tech Lab  
  19  1:31  Orbital Command  
  19  1:45  Command Center  
  19  1:52  Supply Depot  
  19  1:57  SCV  
  20  2:07  Factory  
  20  2:11  Marine  
  20  2:13  SCV  
  22  2:25  Refinery, SCV  
  23  2:30  Supply Depot  
  23  2:40  Factory  
  23  2:44  SCV  
  24  3:02  Orbital Command  
  24  3:03  Barracks Tech Lab  
  24  3:09  Cyclone  
  24  3:10  Refinery  
  24  3:11  SCV  
  28  3:15  Refinery  
  28  3:27  SCV  
  28  3:28  SCV  
  28  3:31  Cyclone  
  33  3:39  SCV  
  34  3:44  Cyclone  
  34  3:45  Barracks Tech Lab  
  34  3:47  SCV  
  38  3:51  SCV  
  39  3:59  SCV  
  40  4:03  Cyclone  
  40  4:05  Mag-Field Accelerator  
  40  4:09  SCV  
  44  4:11  SCV  
  45  4:21  SCV  
  45  4:23  SCV  
  47  4:28  Cyclone  
  50  4:33  SCV  
  50  4:35  SCV  
  50  4:37  Supply Depot  
  52  4:39  Supply Depot  
  52  4:45  SCV  
  53  4:52  Cyclone  
  50  5:01  Cyclone  
  50  5:02  SCV x2  
  50  5:05  Stimpack  
  55  5:13  Barracks  
  55  5:14  SCV x2  
  57  5:24  Cyclone  
  57  5:26  SCV  
  61  5:29  Barracks  
  61  5:34  Barracks  
  58  5:53  Cyclone  
  58  5:56  Cyclone  
  64  6:06  Barracks Reactor  
  64  6:07  Barracks  
  64  6:18  Marine  
  64  6:19  Marine  
  63  6:32  Barracks Tech Lab  
  63  6:37  Marine  
  63  6:38  Barracks Reactor  
  64  6:45  Combat Shield  
  64  6:54  Marine  
  64  6:55  Marine x3  
  64  6:58  Barracks Reactor  
  68  7:06  Command Center  
  68  7:12  Marine x2  
  70  7:39  Marine x3  
  70  7:40  Marine  
  70  7:42  Siege Tank  
  68  7:56  Marine x2  
  70  8:17  Marine  
  70  8:18  Cyclone, Siege Tank  
  74  8:34  Marine  
  74  8:35  Marine x7  
  82  8:43  Engineering Bay x2  
  82  8:47  Supply Depot  
  82  8:48  Supply Depot x2  
  82  8:49  Supply Depot  
  82  8:50  Supply Depot  
  82  8:54  Command Center  
  85  8:58  Marine x2  
  85  8:59  SCV  
  85  9:05  Armory  
  85  9:09  SCV, Marine x6  
  92  9:11  SCV  
  92  9:15  Supply Depot  
  92  9:16  Marine, Supply Depot  
  94  9:17  Supply Depot  
  94  9:21  SCV  
  94  9:23  SCV  
  96  9:27  Marine x2  
  98  9:33  SCV  
  98  9:35  SCV  
  98  9:37  Orbital Command  
  100  9:41  Missile Turret  
  100  9:45  Terran Infantry Armor Level 1, Terran Infantry Weapons Level 1, SCV  
  100  9:47  SCV  
  102  9:56  Marine  
  102  9:57  SCV, Marine x7  
  102  9:59  SCV  
  112  10:08  Refinery  
  112  10:11  Thor  
  118  10:14  Terran Vehicle And Ship Armor Level 1, Marine x6  
  118  10:15  Marine x2  
  118  10:17  Concussive Shells  
  118  10:19  Refinery  
  126  10:25  Command Center  
  126  10:27  Thor  
  132  10:32  Marine x8  
  140  10:43  Starport  
  140  10:44  SCV x3  
  140  10:46  Starport  
  140  10:49  Marine  
  143  10:53  Sensor Tower  
  143  10:54  Thor  
  143  10:56  SCV x3  
  153  11:03  Marine x7  
  160  11:07  Marine  
  161  11:11  Supply Depot  
  161  11:13  Thor  
  161  11:15  Supply Depot  
  167  11:20  Marine  
  167  11:21  Marine x4, Medivac  
  167  11:23  Starport Tech Lab  
  174  11:34  SCV x4  
  174  11:37  Thor  
  174  11:39  Planetary Fortress  
  184  11:45  Missile Turret  
  184  11:46  SCV x3  
  188  11:47  Orbital Command  
  188  11:51  Marine x2  
  188  11:52  Marine x4  
  193  11:56  Thor  
  193  11:58  SCV  
  165  12:50  Marine  
  148  12:51  Marine x7  
  148  12:52  Thor x2  
  148  12:57  Medivac x2  
  148  13:08  Marine  
  148  13:09  Marine x7  
  156  13:26  Marine  
  156  13:27  Marine x2, Medivac x2  
  157  13:29  Marine x4  
  157  13:30  Marine  
  168  13:35  Thor x2  
  180  13:44  Marine x3  
  180  13:47  Marine x5  
  161  13:57  Medivac x2  
  161  14:02  Marine x3  
  151  14:05  Marine x3  
  139  14:13  Marine  
  139  14:14  Marine  
  141  14:18  Thor x2  
  141  14:19  SCV x4, Marine  
  141  14:20  SCV, Marine x2  
  141  14:21  Refinery  
  141  14:22  Refinery, Marine  
  141  14:23  Marine x2  
  164  14:27  Starport Reactor, Terran Infantry Weapons Level 2, Medivac  
  164  14:28  Terran Infantry Armor Level 2  
  164  14:29  Terran Vehicle And Ship Armor Level 2  
  164  14:31  SCV x4, Marine  
  167  14:32  SCV, Marine  
  167  14:37  Marine  
  167  14:38  Marine x2  
  176  14:40  Marine  
  176  14:43  SCV x4  
  181  14:58  Medivac  
  183  15:00  Command Center  
  183  15:10  Marine  
  183  15:11  Marine x7  
  183  15:13  Thor  
  197  15:28  Marine x4, Medivac  
  198  15:43  Marine x2  
  196  16:08  Marine x8  
  148  16:22  Thor x2  
  160  16:25  Marine  
  160  16:26  Marine x7  
  158  16:43  Marine  
  158  16:44  Marine x6  
  158  16:45  Medivac  
  158  16:46  Medivac x2  
  163  16:54  Orbital Command  
  163  16:55  SCV x3  
  163  16:56  SCV  
  163  16:59  SCV  
  163  17:00  Missile Turret x2  
  163  17:01  Missile Turret x2  
  168  17:05  Refinery x2, Thor x2  
  168  17:07  SCV x2  
  168  17:08  SCV x2  
  184  17:11  SCV  
  184  17:15  Medivac  
  184  17:16  Medivac x2  
  184  17:21  Marine  
  184  17:22  Marine x7  
  198  17:23  Missile Turret  
  198  17:27  Barracks, Command Center  
  198  17:39  Marine x2  
  199  17:45  Medivac  
Show
View Real Time Build Order
Export as new Build Order

qqq Zerg - Winner!

Build Orders: Hatch First 

Get SALT Encoding   

  12  0:06  Drone  
  13  0:10  Drone  
  14  0:18  Overlord  
  14  0:47  Hatchery  
  13  0:53  Drone x2  
  13  0:56  Drone  
  16  1:07  Drone  
  17  1:25  Drone  
  18  1:28  Extractor, Spawning Pool  
  18  1:29  Drone  
  17  1:42  Drone  
  18  1:53  Drone  
  19  2:02  Drone x2  
  21  2:20  Queen  
  21  2:22  Hatchery  
  22  2:23  Queen  
  22  2:27  Drone  
  25  2:31  Drone  
  25  2:34  Drone  
  27  2:40  Metabolic Boost  
  27  2:50  Zergling x2  
  28  2:55  Overlord  
  28  2:59  Overlord  
  28  3:14  Drone x2  
  28  3:15  Zergling x6  
  28  3:19  Drone, Evolution Chamber  
  33  3:25  Drone  
  34  3:29  Drone  
  35  3:34  Drone x3  
  35  3:37  Zergling x2  
  39  3:42  Zergling x2  
  39  3:43  Zergling x2  
  39  3:46  Zergling x2  
  42  3:53  Zergling x4  
  44  4:10  Hatchery, Zergling x2  
  44  4:13  Overlord  
  44  4:23  Zerg Melee Weapons Level 1  
  44  4:26  Overlord  
  44  4:39  Zergling x12  
  44  4:40  Zergling x2  
  50  4:52  Zergling x4  
  43  4:56  Zergling x2  
  43  5:01  Lair  
  43  5:05  Drone x2  
  45  5:15  Extractor  
  45  5:16  Drone x2  
  46  5:24  Spore Crawler  
  45  5:30  Spore Crawler  
  45  5:32  Drone  
  47  5:35  Drone x2  
  47  5:37  Drone x2  
  47  5:38  Drone  
  47  5:41  Overlord x3  
  48  5:58  Zergling x2  
  48  5:59  Zergling x12  
  52  6:10  Spire  
  48  6:16  Drone x3  
  48  6:18  Hatchery  
  50  6:24  Spine Crawler  
  49  6:30  Drone  
  49  6:31  Drone x4  
  54  6:51  Extractor  
  54  6:53  Extractor  
  52  6:54  Baneling Nest  
  52  6:56  Zergling x12  
  52  6:57  Zergling x2  
  58  7:09  Drone x2  
  59  7:24  Mutalisk x3  
  59  7:25  Mutalisk  
  63  7:39  Zergling x4  
  63  7:40  Zergling x8  
  67  7:47  Mutalisk  
  67  7:49  Queen  
  70  7:54  Zerg Flyer Weapons Level 1  
  70  7:57  Drone  
  70  7:58  Drone x2, Zergling x8  
  77  8:08  Mutalisk  
  79  8:15  Zergling x2  
  78  8:23  Zergling x4, Overlord x3  
  78  8:33  Mutalisk  
  72  8:35  Overlord x2  
  72  8:43  Extractor  
  72  8:45  Extractor  
  70  8:55  Mutalisk x2  
  70  8:57  Drone x7  
  70  8:58  Zergling x2  
  82  9:04  Hatchery, Corruptor  
  83  9:12  Corruptor  
  85  9:18  Drone x2  
  87  9:34  Drone x2, Corruptor x2  
  90  9:41  Mutalisk  
  73  9:54  Corruptor  
  73  9:57  Drone x4  
  79  10:07  Drone  
  80  10:17  Drone x3  
  80  10:20  Zerg Flyer Armor Level 1  
  83  10:23  Mutalisk, Corruptor  
  83  10:27  Corruptor  
  89  10:32  Spine Crawler  
  89  10:34  Spore Crawler  
  87  10:38  Drone  
  87  10:39  Corruptor x2  
  92  10:43  Spore Crawler  
  92  10:45  Infestation Pit  
  92  10:48  Queen  
  92  10:50  Drone x2, Corruptor  
  92  10:53  Mutalisk  
  98  11:07  Baneling x2, Corruptor x2  
  102  11:22  Hive  
  102  11:23  Corruptor  
  104  11:26  Overlord x2  
  104  11:27  Drone x4  
  104  11:28  Drone x6  
  104  11:31  Extractor  
  113  11:32  Extractor  
  112  11:46  Corruptor  
  112  11:47  Hatchery  
  112  11:50  Corruptor  
  115  11:54  Corruptor  
  115  11:59  Zergling x8  
  121  12:03  Corruptor  
  123  12:08  Mutalisk  
  123  12:10  Drone x2, Zergling x4  
  123  12:14  Zerg Flyer Weapons Level 2  
  129  12:18  Overlord x2  
  129  12:19  Zergling x8  
  131  12:36  Mutalisk x2  
  130  12:37  Corruptor x2  
  130  12:38  Zergling x8  
  140  12:48  Corruptor  
  140  12:49  Corruptor x2  
  117  13:07  Corruptor  
  117  13:08  Corruptor x2  
  112  13:15  Corruptor  
  106  13:21  Corruptor  
  106  13:31  Corruptor x2  
  106  13:34  Drone x3  
  106  13:35  Drone x4  
  106  13:37  Zergling x14  
  106  13:40  Queen  
  118  13:56  Mutalisk x2  
  118  14:01  Mutalisk  
  124  14:03  Zergling x10  
  124  14:06  Zergling x2  
  130  14:11  Zergling x2  
  130  14:12  Zergling x4  
  133  14:19  Extractor  
  131  14:29  Zerg Flyer Armor Level 2  
  121  14:47  Zergling x6, Viper  
  121  14:48  Viper  
  121  14:49  Mutalisk x3, Corruptor x2  
  121  14:50  Mutalisk x2  
  144  15:11  Extractor  
  144  15:13  Mutalisk x2  
  144  15:14  Mutalisk  
  147  15:17  Viper  
  147  15:19  Mutalisk  
  147  15:20  Zergling x6  
  155  15:33  Corruptor  
  155  15:34  Corruptor x3  
  139  15:38  Mutalisk  
  139  15:39  Zergling x2  
  139  15:40  Zergling x8  
  146  15:51  Drone x2, Corruptor  
  146  15:52  Drone  
  151  16:00  Drone x2  
  151  16:01  Drone x4  
  157  16:16  Corruptor x7  
  156  16:21  Drone  
  156  16:23  Overlord x2  
  156  16:24  Overlord x2  
  157  16:29  Drone x3  
  160  16:44  Corruptor x3  
  160  16:45  Corruptor  
  160  16:46  Mutalisk x3  
  174  16:55  Mutalisk  
  174  16:56  Mutalisk  
  174  16:57  Mutalisk  
  174  16:58  Zergling x2  
  174  17:00  Zergling x6  
  184  17:09  Ultralisk Cavern  
  183  17:28  Hatchery  
  159  17:48  Hatchery  
  144  17:53  Hatchery  
  144  17:56  Zergling x4  
  144  17:57  Zergling x4  
  144  17:58  Zergling x6  
Tags
 
Add a new tag
Caveats
  • Supply blocks, unpowered buildings, or Contaminate may cause inaccurate times.
  • Supply counts are checked every 10 seconds.